 Dungeon Crawl Stone Soup version 0.21.1-1-g345015fe64 (webtiles) character file.

177104 PikkenKukken the Peltast (level 17, 0/155 HPs)
             Began as a Hill Orc Fighter on May 5, 2018.
             Was a High Priest of Beogh.
             Slain by the 27-headed Lernaean hydra (1 damage)
             ... on level 4 of the Swamp on May 6, 2018.
             The game lasted 04:17:49 (32096 turns).

PikkenKukken the Peltast (Hill Orc Fighter)        Turns: 32096, Time: 04:17:50

Health: 0/155      AC: 25    Str: 26    XL:     17   Next: 84%
Magic:  0/27       EV:  8    Int:  8    God:    Beogh [*****.]
Gold:   542        SH: 27    Dex: 22    Spells: 20/20 levels left

rFire    . . .     SeeInvis .   a - +7 mace of Integrity {crush, rF+ MR- Dex+8}
rCold    + . .     Gourm    .   K - +5 large shield of Nyrosorph {rPois rF- Stlth+}
rNeg     + . .     Faith    .   R - +7 plate armour
rPois    +         Spirit   +   o - -2 hat of the Alchemist {rElec rPois rF+ rC+ rN+ MR+ rMut rCorr}
rElec    +         Reflect  .   m - scarf {Spirit}
rCorr    +         Harm     .   g - +0 pair of gloves
rMut     +         Rnd*Rage +   P - +0 pair of boots
MR       +++..                  s - amulet of regeneration
Stlth    ..........             h - ring of Gluttony {+Inv rF- MR+ Dex+4 Stlth+}
HPRegen  0.75/turn              J - ring of poison resistance
MPRegen  0.20/turn

@: berserk cooldown, slowed, very slow
A: walk on water, rugged brown scales 1, berserk 1, blurry vision 1, magic
resistance 1
}: 1/15 runes: serpentine
a: Smiting, Recall Orcish Followers, Give Item to Named Follower, Renounce
Religion, Evoke Invisibility


You were on level 4 of the Swamp.
You worshipped Beogh.
Beogh was extremely pleased with you.
You were full.

You visited 7 branches of the dungeon, and saw 32 of its levels.
You also visited: Ice Cave and Volcano.

You collected 2247 gold pieces.
You spent 1705 gold pieces at shops.

Inventory:

Hand Weapons
 a - the +7 mace of Integrity (weapon) {crush, rF+ MR- Dex+8}
   (You found it on level 4 of the Lair of Beasts)

   It inflicts extra damage upon your enemies.
   It affects your dexterity (+8).
   It protects you from fire.
   It affects your resistance to hostile enchantments.
 b - the +0 hunting sling "Kauwne Xayn" {speed, *Corrode rPois rF+++ rN+}
   (You found it on level 4 of the Lair of Beasts)

   Attacks with this weapon are significantly faster.
   It renders you almost immune to fire.
   It protects you from poison.
   It protects you from negative energy.
   It may corrode you when you take damage.
 l - a +2 broad axe of electrocution
Missiles
 G - 87 sling bullets (quivered)
Armour
 g - a +0 pair of gloves (worn)
 m - a scarf of spirit shield (worn)
 o - the -2 hat of the Alchemist (worn) {rElec rPois rF+ rC+ rN+ MR+ rMut rCorr}
   (You bought it in a shop on level 4 of the Snake Pit)

   It protects you from fire.
   It protects you from cold.
   It insulates you from electricity.
   It protects you from poison.
   It protects you from negative energy.
   It affects your resistance to hostile enchantments.
   It protects you from acid and corrosion.
   It protects you from mutation.
 p - a +2 cloak
 y - a +2 hat
 D - +0 swamp dragon scales
 K - the +5 large shield of Nyrosorph (worn) {rPois rF- Stlth+}
   (You found it on level 1 of the Lair of Beasts)

   It makes you vulnerable to fire.
   It protects you from poison.
   It makes you more stealthy.
 P - a +0 pair of boots (worn)
 R - a +7 plate armour (worn)
Jewellery
 h - the ring of Gluttony (left hand) {+Inv rF- MR+ Dex+4 Stlth+}
   (You bought it in a shop on level 3 of the Snake Pit)

   [ring of stealth]

   It affects your dexterity (+4).
   It makes you vulnerable to fire.
   It affects your resistance to hostile enchantments.
   It lets you turn invisible.
   It makes you more stealthy.
 q - an uncursed amulet of harm
 s - an amulet of regeneration (around neck)
 t - a +6 ring of dexterity
 C - an uncursed ring of magical power
 J - a ring of poison resistance (right hand)
 S - an uncursed amulet of rage
Wands
 c - a wand of iceblast (15)
 k - a wand of disintegration (15)
 B - a wand of polymorph (38)
 H - a wand of random effects (22)
 L - a wand of clouds (4)
 N - a wand of flame (53)
 T - a wand of paralysis (23)
 V - a wand of acid (17)
Scrolls
 d - 10 scrolls of teleportation
 e - 4 scrolls of identify
 i - 3 scrolls of enchant weapon
 r - 3 scrolls of magic mapping
 v - 8 scrolls of remove curse
 w - a scroll of fog
 A - a scroll of silence
 F - 2 scrolls of fear
 O - a scroll of summoning {unknown}
 Q - a scroll of torment {unknown}
 W - a scroll of brand weapon {unknown}
 Y - a scroll of noise {unknown}
Potions
 j - a potion of cancellation
 u - 12 potions of curing
 z - 3 potions of flight
 E - 4 potions of magic
 I - 2 potions of berserk rage
 U - a potion of invisibility
Miscellaneous
 X - a box of beasts
 Z - a lightning rod (4/4)
Comestibles
 f - 31 rations


   Skills:
 + Level 13.8 Fighting
   Level 3.5(5.5) Short Blades
   Level 7.3(7.8) Long Blades
 + Level 15.1(15.2) Maces & Flails
   Level 2.4(9.0) Staves
 * Level 9.2(9.4) Slings
   Level 3.5 Bows
 + Level 2.7(6.4) Throwing
 + Level 13.4 Armour
 + Level 3.3 Dodging
 - Level 2.9 Stealth
 + Level 15.2 Shields
 + Level 3.0 Unarmed Combat
 + Level 2.0 Spellcasting
 * Level 13.5 Invocations
 + Level 3.3 Evocations


You had 20 spell levels left.
You didn't know any spells.

Dungeon Overview and Level Annotations

Branches:
Dungeon (14/15)            Temple (0/1) D:4            Lair (6/6) D:9
  Swamp (4/4) Lair:2        Snake (4/4) Lair:4        Slime (1/5) Lair:6
    Orc (2/2) D:12            Elf (1/3) Orc:2        Vaults (0/5) D:13

Altars:
Cheibriados
Elyvilon
Gozag
Hepliaklqana
Kikubaaqudgha
Makhleb
Nemelex Xobeh
Ru
Trog
Vehumet
Zin
Beogh
Jiyva

Shops:
D:11 [   D:12 !   Orc:2 :*[(   Snake:1 =   Snake:3 }=}   Snake:4 }*[}

Annotations:
D:8 Maurice
Swamp:4 Lernaean hydra
Snake:3 Saint Roka


Innate Abilities, Weirdness & Mutations

You can walk on water.
You are partially covered in rugged brown scales. (AC +1, +3% HP)
You tend to lose your temper in combat.
Scrolls take you a little longer to read.
You are resistant to hostile enchantments. (MR+)


Message History

The 27-headed Lernaean hydra bites you!
* * * LOW HITPOINT WARNING * * *
The 27-headed Lernaean hydra bites you but does no damage.
You block the 27-headed Lernaean hydra's attack. x2
The 27-headed Lernaean hydra bites you but does no damage. x2
The 27-headed Lernaean hydra bites you.
* * * LOW HITPOINT WARNING * * *
The 27-headed Lernaean hydra bites you but does no damage. x2
The 27-headed Lernaean hydra bites you.
* * * LOW HITPOINT WARNING * * *
The 27-headed Lernaean hydra barely misses you.
The 27-headed Lernaean hydra bites you but does no damage.
You block the 27-headed Lernaean hydra's attack.
The 27-headed Lernaean hydra barely misses you.
The 27-headed Lernaean hydra bites you.
* * * LOW HITPOINT WARNING * * *
The 27-headed Lernaean hydra barely misses you.
The 27-headed Lernaean hydra bites you but does no damage.
The 27-headed Lernaean hydra bites you.
You die...

♣♣≈≈≈≈≈♣ ♣≈≈≈≈≈.♣ ♣♣♣
♣≈≈D≈.♣ ♣§♣♣
♣§≈≈..♣♣♣♣..♣♣
♣♣♣...≈♣≈≈≈≈.♣♣ ♣♣ .≈
♣≈≈D..≈≈≈≈≈.♣ ♣♣≈
≈≈.D.♣♣.≈≈.≈≈≈≈≈≈.♣♣♣♣♣♣.≈
≈≈.♣≈≈.§D§.≈≈≈≈≈≈.....♣♣.≈
..≈≈.≈≈.D@†≈≈≈≈†.≈.≈≈...♣.
≈.≈≈≈..§♣)†.†≈≈.≈..≈≈≈≈.♣♣
≈≈≈≈≈..≈♣♣.≈†....[≈≈≈≈≈≈♣♣
≈..≈.≈.♣♣§≈≈≈.....≈≈≈≈≈≈♣
♣♣♣♣♣♣≈≈.≈≈≈≈.♣♣..≈.≈≈..♣
♣♣..≈≈≈≈.♣♣♣♣♣♣≈..♣♣
♣.≈≈≈≈≈.♣♣ ♣%♣♣♣
♣≈..≈≈≈§.♣ ♣♣♣ ♣♣♣♣....♣♣


You could see the 27-headed Lernaean hydra, a six-headed hydra, a five-headed
hydra and 2 swamp dragons.

Vanquished Creatures
  Nikola (Snake:3)
  2 thorn hunters
  Gastronok (D:8)
  Agnes (Snake:2)
  9 nagarajas
  Donald (Swamp:1)
  Snorg (Orc:2)
  Josephine (Orc:2)
  16 naga warriors
  5 hydras
  A ghost crab (Swamp:1)
  5 anacondas
  A dancing weapon (D:13)
  A death yak (Lair:3)
  2 two-headed ogres
  8 naga sharpshooters
  An orc high priest (Orc:2)
  6 shock serpents
  A salamander mystic (Snake:2)
  9 naga ritualists
  4 swamp dragons
  9 mana vipers
  A shambling mangrove (Swamp:2)
  A phantasmal warrior (D:12)
  An orc knight (Orc:1)
  An orc sorcerer (Orc:1)
  5 salamanders
  A manticore (D:13)
  23 black mambas
  2 guardian serpents (Snake:4)
  21 naga magi
  9 spiny frogs
  A rime drake (Lair:3)
  3 komodo dragons
  A tyrant leech (Swamp:4)
  A polar bear (IceCv)
  14 slime creatures
  6 hornets
  9 hippogriffs
  13 blink frogs
  The ghost of hasy the Chiller, an amateur MfIE (D:3)
  3 bog bodies
  4 wyverns
  Sigmund (D:4)
  A spriggan (D:8)
  3 wraiths (Orc:2)
  A shadow (Swamp:1)
  A redback (Lair:6)
  2 fire bats (Volcano)
  21 yaks
  13 vampire mosquitoes
  A steam dragon (Volcano)
  33 nagas
  4 swamp worms
  An acid dragon (D:12)
  9 water moccasins
  9 porcupines
  5 swamp drakes
  2 sky beasts
  2 phantoms (D:6)
  4 ice beasts
  5 orc warriors
  2 black bears
  A necrophage (D:9)
  8 ogres
  11 crocodiles
  15 wolves
  4 centaurs
  2 big kobolds
  10 bullfrogs
  4 scorpions
  3 killer bees (D:13)
  10 wights
  4 howler monkeys
  7 crimson imps
  4 centaur zombies
  6 hounds
  3 centaur skeletons
  6 orc priests
  3 jellies
  9 orc wizards
  Crazy Yiuf (D:2)
  3 bullfrog skeletons
  8 worker ants
  4 iguanas
  A howler monkey zombie (D:8)
  2 worker ant zombies
  6 gnolls
  6 adders
  3 shadow imps
  An adder zombie (D:5)
  2 oozes
  2 adder skeletons
  4 worms
  3 dart slugs
  4 leopard geckos
  20 orcs
  A ball python (D:4)
  7 bats
  6 giant cockroaches
  8 goblins
  7 hobgoblins
  2 jackals
  2 quokkas
  8 frilled lizards
  11 kobolds
  A rat (D:1)
  A bush (Lair:4)
  3 fungi
  8 plants
572 creatures vanquished.

Vanquished Creatures (collateral kills)
  Vashnia (Snake:2)
  Rupert (Orc:2)
  Kirke (Snake:2)
  Frances (Snake:2)
  2 nagarajas
  2 azure jellies
  Aizul (Snake:2)
  Nessos (D:13)
  3 naga warriors
  3 hydras
  5 anacondas
  A two-headed ogre (D:11)
  A dancing weapon (D:13)
  A catoblepas (Lair:4)
  An alligator (Swamp:1)
  A death knight (D:12)
  A tengu warrior (D:13)
  2 shock serpents (Snake:1)
  3 death yaks (Lair:3)
  4 naga sharpshooters
  3 orc high priests (Orc:2)
  2 skeletal warriors
  A naga ritualist (Snake:4)
  2 orc knights (Orc:1)
  A shining eye (Slime:1)
  2 mana vipers (Snake:1)
  An oklob plant (Lair:4)
  3 orc sorcerers (Orc:1)
  A cyclops (Orc:2)
  3 salamanders (Snake:1)
  2 ugly things
  A wolf spider (Lair:6)
  3 guardian serpents
  16 black mambas
  10 elephants
  9 naga magi
  18 spiny frogs
  2 centaur skeletons
  2 rime drakes
  4 komodo dragons
  A tengu conjurer (D:13)
  A troll (D:12)
  16 slime creatures
  7 hornets
  2 polar bears
  3 tyrant leeches
  13 blink frogs
  4 dream sheep (Lair:4)
  8 hippogriffs
  A shadow (D:13)
  3 spriggans (Swamp:3)
  2 wraiths
  8 wyverns
  A vampire (D:8)
  2 basilisks
  3 hogs (Snake:2)
  22 yaks
  2 hungry ghosts
  A swamp worm (Swamp:3)
  3 vampire mosquitoes
  22 nagas
  15 water moccasins
  3 porcupines
  11 orc warriors
  A phantom (D:10)
  2 ogres
  7 wolves
  An eye of draining (D:14)
  7 crocodiles
  A big kobold (D:10)
  6 bullfrogs
  A gnoll sergeant (D:13)
  A killer bee (D:13)
  5 orc priests (Orc:2)
  6 orc wizards
  An iguana (D:11)
  5 gnolls (D:13)
  A shadow imp (D:10)
  24 orcs
  A quokka (D:12)
  5 kobolds
  3 bushes
  18 fungi
  21 plants
393 creatures vanquished.

Vanquished Creatures (others)
  Saint Roka (Snake:3)
  Asterion (Snake:3)
  3 orc high priests
  4 orc knights
  An orc sorcerer (Orc:1)
  A spiny frog (Swamp:1)
  A polar bear (IceCv)
  A blink frog (Swamp:4)
  2 yaks (IceCv)
  A hog (Snake:2)
  A swamp worm (Swamp:1)
  23 orc warriors
  19 orc priests
  10 orc wizards
  55 orcs
  A briar patch (Swamp:4)
  A bush (Lair:6)
  18 fungi
  15 plants
159 creatures vanquished.

Grand Total: 1124 creatures vanquished

Notes
Turn   | Place    | Note
-------+----------+-------------------------------------------
     0 | D:1      | PikkenKukken the Hill Orc Fighter began the quest for the Orb.
     0 | D:1      | Reached XP level 1. HP: 19/19 MP: 1/1
   283 | D:1      | Reached XP level 2. HP: 24/27 MP: 2/2
   812 | D:1      | Reached XP level 3. HP: 33/33 MP: 3/3
  1425 | D:2      | Reached XP level 4. HP: 40/40 MP: 4/4
  1654 | D:2      | Found a runed door.
  1658 | D:2      | Noticed Crazy Yiuf
  1669 | D:2      | Killed Crazy Yiuf
  1669 | D:2      | Reached XP level 5. HP: 12/46 MP: 5/5
  2304 | D:3      | Found a bloodstained altar of Trog.
  2315 | D:3      | Noticed hasy's ghost (amateur MfIE)
  2423 | D:3      | Killed hasy's ghost
  2423 | D:3      | Reached XP level 6. HP: 19/53 MP: 6/6
  2847 | D:3      | Found a sacrificial altar of Ru.
  2872 | D:3      | Reached skill level 5 in Armour
  3198 | D:3      | Found a white marble altar of Elyvilon.
  3198 | D:3      | Found an ancient bone altar of Kikubaaqudgha.
  3643 | D:4      | Reached skill level 1 in Dodging
  3643 | D:4      | Reached XP level 7. HP: 52/60 MP: 7/7
  3783 | D:4      | Noticed Sigmund
  3794 | D:4      | Reached skill level 5 in Long Blades
  3813 | D:4      | Reached skill level 5 in Shields
  3822 | D:4      | Reached XP level 8. HP: 46/73 MP: 7/11
  3912 | D:4      | Killed Sigmund
  4361 | D:4      | Found a staircase to the Ecumenical Temple.
  4412 | D:4      | Became a worshipper of Beogh the Brigand
  4517 | D:5      | Entered Level 5 of the Dungeon
  4588 | D:5      | Found a glowing silver altar of Zin.
  4638 | D:5      | Reached skill level 1 in Maces & Flails
  4718 | D:5      | Gained mutation: You are partially covered in rugged brown scales. (AC +1, +3% HP) [potion of mutation]
  4718 | D:5      | Gained mutation: You are resistant to hostile enchantments. (MR+) [potion of mutation]
  4858 | D:5      | Found a snail-covered altar of Cheibriados.
  4979 | D:5      | Reached XP level 9. HP: 82/82 MP: 12/12
  5049 | D:5      | Found a radiant altar of Vehumet.
  5382 | D:6      | Reached * piety under Beogh
  5863 | D:6      | Found a bloodstained altar of Trog.
  5948 | D:6      | Found a burning altar of Makhleb.
  6444 | D:7      | Found a sparkling altar of Nemelex Xobeh.
  6468 | D:7      | Reached XP level 10. HP: 90/90 MP: 13/13
  6492 | D:7      | Reached skill level 5 in Maces & Flails
  6534 | D:7      | Reached ** piety under Beogh
  7248 | D:8      | Noticed a two-headed ogre
  7257 | D:8      | Killed a two-headed ogre
  7503 | D:8      | Noticed Maurice
  7598 | D:8      | Noticed Gastronok
  7639 | D:8      | Killed Gastronok
  7639 | D:8      | Reached XP level 11. HP: 66/99 MP: 14/14
  8337 | D:9      | Paralysed by a hornet for 1 turns
  8342 | D:9      | Paralysed by a hornet for 3 turns
  8355 | D:9      | Paralysed by a hornet for 2 turns
  8362 | D:8      | Paralysed by a hornet for 1 turns
  8370 | D:8      | Reached *** piety under Beogh
  8768 | D:9      | Reached skill level 1 in Invocations
  9312 | D:9      | You fall through a shaft for 2 floors!
  9439 | D:10     | Entered Level 10 of the Dungeon
 10349 | D:11     | Found a hazy altar of Hepliaklqana.
 10364 | D:11     | Reached **** piety under Beogh
 10376 | D:11     | Noticed a two-headed ogre
 10386 | D:11     | Killed a two-headed ogre
 10594 | D:11     | Paralysed by a hornet for 1 turns
 10606 | D:11     | Gained Bogbrand as an ally
 10628 | D:11     | Found Ogis's Armour Emporium.
 10643 | D:11     | Killed a cyan ugly thing
 10648 | D:11     | Found a snail-covered altar of Cheibriados.
 10902 | D:12     | Found a frozen archway.
 10921 | IceCv    | Entered an ice cave
 11195 | D:12     | Noticed a death knight
 11195 | D:12     | Noticed a phantasmal warrior
 11205 | D:12     | Killed a phantasmal warrior
 11205 | D:12     | Reached XP level 12. HP: 39/109 MP: 9/15
 11206 | D:12     | Killed a death knight
 11295 | D:12     | Reached skill level 10 in Fighting
 11417 | D:12     | Found Naoreupemp's Distillery.
 11665 | D:12     | Noticed a two-headed ogre
 11670 | D:12     | Killed a two-headed ogre
 11670 | D:12     | Reached skill level 10 in Armour
 11728 | D:12     | Reached skill level 10 in Maces & Flails
 11895 | D:12     | Found a staircase to the Orcish Mines.
 11910 | Orc:1    | Entered Level 1 of the Orcish Mines
 11988 | Orc:1    | Found a dark tunnel.
 12000 | Volcano  | Entered a volcano
 12166 | Orc:1    | Reached skill level 5 in Invocations
 12469 | Orc:2    | Entered Level 2 of the Orcish Mines
 12549 | Orc:2    | Noticed Snorg
 12564 | Orc:2    | Killed Snorg
 12723 | Orc:2    | Reached ***** piety under Beogh
 12752 | Orc:2    | Noticed Josephine
 12752 | Orc:2    | Killed Josephine
 12847 | Orc:2    | Found a staircase to the Elven Halls.
 12860 | Orc:2    | Noticed a sun demon
 12861 | Orc:2    | Noticed an orc high priest
 12865 | Orc:2    | Noticed an orc warlord
 12870 | Orc:2    | Noticed an orc high priest
 12871 | Orc:2    | Noticed a sun demon
 12872 | Orc:2    | Noticed Saint Roka
 13085 | Orc:1    | Found a roughly hewn altar of Beogh.
 13135 | Orc:2    | Your ally Bogbrand died
 13315 | Orc:1    | HP: 4/110 [orc knight/bolt (16)]
 13611 | Orc:2    | Noticed an orc high priest
 13621 | Orc:2    | Killed an orc high priest
 13622 | Orc:2    | Noticed an orc high priest
 13629 | Orc:2    | Killed an orc high priest
 13674 | Orc:2    | Noticed a soul eater
 13844 | Orc:2    | Noticed a sun demon
 13974 | Orc:2    | Killed an orc high priest
 14067 | Orc:2    | Gained Borgun as an ally
 14122 | Orc:2    | Killed an orc high priest
 14122 | Orc:2    | Reached XP level 13. HP: 107/117 MP: 17/17
 14136 | Orc:2    | Noticed Rupert
 14144 | Orc:2    | Killed Rupert
 14265 | Orc:2    | Found Goeko's Antique Armour Shoppe.
 14266 | Orc:2    | Found Akerchikh's Antique Weapon Emporium.
 14268 | Orc:2    | Found Leuvam's General Store.
 14268 | Orc:2    | Found Aleunaj's Book Shoppe.
 14283 | Orc:2    | Bought a ration for 65 gold pieces
 14283 | Orc:2    | Bought a ration for 65 gold pieces
 14283 | Orc:2    | Bought a potion of might for 52 gold pieces
 14283 | Orc:2    | Bought a scroll of identify for 26 gold pieces
 14283 | Orc:2    | Bought a scroll of enchant weapon for 97 gold pieces
 14342 | Elf:1    | Entered Level 1 of the Elven Halls
 14930 | D:13     | Found a gate to the Vaults.
 14961 | D:13     | Noticed Nessos
 14973 | D:13     | Killed Nessos
 15146 | D:13     | Gained Wardok as an ally
 15916 | D:9      | Found a staircase to the Lair.
 15946 | Lair:1   | Entered Level 1 of the Lair of Beasts
 16698 | Lair:1   | Got a warped large shield
 16703 | Lair:1   | Identified the +5 large shield of Nyrosorph {rPois rF- Stlth+} (You found it on level 1 of the Lair of Beasts)
 17045 | Lair:2   | Found a staircase to the Swamp.
 18119 | Lair:3   | Reached XP level 14. HP: 115/127 MP: 20/20
 18264 | Lair:3   | Reached ****** piety under Beogh
 18833 | Lair:4   | Got an ancient hunting sling
 18834 | Lair:4   | Identified the cursed +0 hunting sling "Kauwne Xayn" {speed, *Corrode rPois rF+++ rN+} (You found it on level 4 of the Lair of Beasts)
 19066 | Lair:4   | Reached skill level 1 in Slings
 19073 | Lair:4   | Gained Wargath as an ally
 19093 | Lair:4   | Found a staircase to the Snake Pit.
 19141 | Lair:4   | Got a bloodstained mace
 19142 | Lair:4   | Identified the +7 mace of Integrity {crush, rF+ MR- Dex+8} (You found it on level 4 of the Lair of Beasts)
 19423 | Lair:5   | Reached skill level 10 in Shields
 19714 | Lair:5   | Found a labyrinth entrance.
 19988 | Lair:6   | Entered Level 6 of the Lair of Beasts
 20393 | Lair:6   | Found a runed door.
 20394 | Lair:6   | Found a viscous altar of Jiyva.
 20395 | Lair:6   | Found a staircase to the Slime Pits.
 20395 | Lair:6   | Noticed an azure jelly
 20402 | Lair:6   | Killed an azure jelly
 21501 | Slime:1  | Entered Level 1 of the Pits of Slime
 21504 | Slime:1  | Gained mutation: You tend to lose your temper in combat. [a shining eye]
 21506 | Slime:1  | Gained mutation: Scrolls take you a little longer to read. [a shining eye]
 21507 | Slime:1  | Noticed an azure jelly
 21510 | Slime:1  | Reached XP level 15. HP: 135/135 MP: 22/22
 21514 | Slime:1  | Killed an azure jelly
 21697 | Snake:1  | Entered Level 1 of the Snake Pit
 21697 | Snake:1  | Found Ocozoadd's Jewellery Emporium.
 21704 | Snake:1  | Reached skill level 10 in Invocations
 22302 | Snake:1  | Reached skill level 5 in Slings
 22385 | Snake:2  | Noticed Agnes
 22396 | Snake:2  | Killed Agnes
 22427 | Snake:2  | Noticed Kirke
 22429 | Snake:2  | Noticed Vashnia
 22438 | Snake:2  | Your ally Wargath died
 22439 | Snake:2  | Your ally Wardok died
 22440 | Snake:2  | Killed Kirke
 22459 | Snake:2  | Killed Vashnia
 22471 | Snake:2  | Noticed a nagaraja
 22475 | Snake:2  | Killed a nagaraja
 22738 | Snake:2  | Noticed Frances
 22746 | Snake:2  | Noticed Aizul
 22746 | Snake:2  | Killed Frances
 22752 | Snake:2  | Your ally Borgun died
 22752 | Snake:2  | Killed Aizul
 23008 | Snake:3  | Noticed Nikola
 23025 | Snake:3  | Killed Nikola
 23036 | Snake:3  | Your ally Wardok died
 23083 | Snake:3  | Your ally died
 23102 | Snake:2  | HP: 2/138 [salamander mystic/dagger (13)]
 23753 | Snake:2  | Reached XP level 16. HP: 102/145 MP: 16/24
 24002 | Snake:3  | Noticed a nagaraja
 24065 | Snake:3  | Killed a nagaraja
 24293 | Snake:3  | Found Matromp's Gadget Emporium.
 24296 | Snake:3  | Found Waecid's Jewellery Boutique.
 24297 | Snake:3  | Found Bur Joapp's Gadget Emporium.
 24326 | Snake:3  | Bought the ring of Gluttony {+Inv rF- MR+ Dex+4 Stlth+} for 423 gold pieces
 24435 | Snake:3  | Noticed Asterion
 24448 | Snake:3  | Killed Asterion
 24596 | Snake:3  | Noticed a nagaraja
 24912 | Snake:3  | Killed a nagaraja
 25244 | Snake:4  | Entered Level 4 of the Snake Pit
 25458 | Snake:4  | Found an opulent altar of Gozag.
 25805 | Snake:4  | Found Oskota's Gadget Shop.
 25806 | Snake:4  | Found Hajijad's Armour Boutique.
 25806 | Snake:4  | Found Soahauff's Assorted Antiques.
 25970 | Snake:4  | Found Xaestruf's Gadget Boutique.
 25973 | Snake:4  | Bought the -2 hat of the Alchemist {rElec rPois rF+ rC+ rN+ MR+ rMut rCorr} for 849 gold pieces
 25973 | Snake:4  | Found the -2 hat of the Alchemist {rElec rPois rF+ rC+ rN+ MR+ rMut rCorr}
 26208 | Snake:4  | Bought a scroll of identify for 64 gold pieces
 26208 | Snake:4  | Bought a scroll of identify for 64 gold pieces
 26619 | Snake:4  | Noticed a nagaraja
 26654 | Snake:3  | Killed a nagaraja
 26773 | Snake:4  | Noticed a nagaraja
 26902 | Snake:4  | Noticed a nagaraja
 26917 | Snake:3  | Killed a nagaraja
 26936 | Snake:3  | Killed a nagaraja
 27085 | Snake:4  | Noticed a nagaraja
 27086 | Snake:4  | Noticed a nagaraja
 27179 | Snake:3  | Reached XP level 17. HP: 146/154 MP: 23/26
 27930 | Snake:3  | Gained Nordag as an ally
 28629 | Snake:3  | Reached skill level 15 in Maces & Flails
 29540 | Snake:4  | Got a serpentine rune of Zot
 29844 | Swamp:1  | Entered Level 1 of the Swamp
 30117 | Swamp:1  | Your ally Nordag died
 30139 | Swamp:1  | Noticed Donald
 30827 | Swamp:1  | Killed Donald
 31060 | Swamp:4  | Entered Level 4 of the Swamp
 31689 | Swamp:3  | Reached skill level 15 in Shields
 31778 | Swamp:3  | Gained Gorg as an ally
 32084 | Swamp:4  | Noticed the 27-headed Lernaean hydra
 32096 | Swamp:4  | Your ally Gorg died
 32096 | Swamp:4  | HP: 7/155 [the 27-headed Lernaean hydra (1)]
 32096 | Swamp:4  | HP: 1/155 [the 27-headed Lernaean hydra (5)]
 32096 | Swamp:4  | Slain by the 27-headed Lernaean hydra

Skill      XL: |  1  2  3  4  5  6  7  8  9 10 11 12 13 14 15 16 17 |
---------------+----------------------------------------------------+-----
Fighting       | 4 7 8 9 10 11 12 13 | 13.8
Long Blades    | 3 4 7 |  7.3
Shields        | 4 6 7 8 9 10 12 14 15 | 15.2
Armour         | 4 5 7 8 9 10 11 12 13 | 13.4
Dodging        | 1 2 3 |  3.3
Short Blades   | 3 |  3.5
Staves         | 2 |  2.4
Throwing       | 2 |  2.7
Stealth        | 2 |  2.9
Unarmed Combat | 3 |  3.0
Spellcasting   | 2 |  2.0
Evocations     | 2 3 |  3.3
Maces & Flails | 1 4 7 9 11 13 14 15 | 15.1
Bows           | 3 |  3.5
Invocations    | 3 6 8 9 11 12 13 | 13.5
Slings         | 4 6 7 9 |  9.2

Action                   |  1- 3 |  4- 6 |  7- 9 | 10-12 | 13-15 | 16-18 || total
-------------------------+-------+-------+-------+-------+-------+-------++-------
Melee: Long sword        |   126 |   142 |   120 |    63 |       |       ||   451
       Flail             |       |       |   278 |   466 |   215 |       ||   959
       Punch             |       |       |       |     1 |       |       ||     1
       Dire flail        |       |       |       |    93 |   208 |       ||   301
       Mace              |       |       |       |       |   455 |  1248 ||  1703
 Fire: Shortbow          |       |       |       |    49 |     5 |       ||    54
       Hunting sling     |       |       |       |       |    81 |    76 ||   157
Throw: Tomahawk          |       |       |    16 |       |     1 |       ||    17
Invok: Convert to Beogh  |       |       |     1 |       |       |       ||     1
       Smiting           |       |       |       |     3 |     3 |     7 ||    13
       Recall Orcish Fol |       |       |       |     2 |     1 |       ||     3
       Give Item to Name |       |       |       |       |     4 |     2 ||     6
       Resurrection      |       |       |       |       |     1 |     2 ||     3
Evoke: Phantom mirror    |       |       |       |       |     1 |       ||     1
       Wand              |       |       |       |       |       |    29 ||    29
  Use: Scroll            |     6 |     3 |     3 |    11 |    16 |     8 ||    47
       Potion            |       |     2 |     8 |     4 |     4 |     6 ||    24
 Stab: Paralysed         |       |     1 |       |       |       |       ||     1
       Distracted        |       |       |       |     6 |     7 |     9 ||    22
       Confused          |       |       |       |     1 |       |       ||     1
  Eat: Chunk             |     2 |     3 |     2 |     8 |     3 |       ||    18
       Ration            |       |     2 |     2 |     7 |     7 |    10 ||    28
Armor: Scale mail        |    58 |    36 |       |       |       |       ||    94
       Plate armour      |       |     4 |   192 |   402 |   313 |   441 ||  1352
       Skin              |       |       |     3 |       |       |       ||     3
Dodge: Dodged            |    38 |    34 |    56 |   201 |   142 |   223 ||   694
Block: Shield            |    70 |    69 |   188 |    90 |       |       ||   417
       Large shield      |       |       |       |    73 |   721 |  1564 ||  2358
       Rpst.: Long sword |     9 |     9 |     3 |     1 |       |       ||    22
